 Dungeon Crawl Stone Soup version 0.29.0-4-gdea44cf6ec (webtiles) character file.

Game seed: 14030290336658001077

3063 qw the Cleaver (level 9, 0/108 (121) HPs)
             Began as a Minotaur Berserker on Sept 10, 2022.
             Was a Priest of Trog.
             Slain by a wight
             ... wielding a +2 short sword
              (8 damage)
             ... on level 8 of the Dungeon.
             The game lasted 00:02:21 (8048 turns).

qw the Cleaver (Minotaur Berserker)                 Turns: 8048, Time: 00:02:21

HP:   0/108 (121)   AC:  0    Str: 25    XL:     9   Next: 57%
MP:   8/8           EV: 20    Int:  4    God:    Trog [***...]
Gold: 168           SH:  0    Dex: 16    Spells: 8/8 levels left

rFire   . . .      SeeInvis .   (weapon currently unavailable)
rCold   . . .      Faith    .   (shield currently unavailable)
rNeg    . . .      Spirit   .   (body armour currently unavailable)
rPois   .          Reflect  .   (helmet currently unavailable)
rElec   .          Harm     .   (cloak currently unavailable)
rCorr   .          Rampage  .   (gloves currently unavailable)
Will    .....                   (boots currently unavailable)
Stlth   ..........              (no amulet)
HPRegen 0.28/turn               (ring currently unavailable)
MPRegen 0.11/turn               (ring currently unavailable)

@: berserking, bat-form, flying, heavily drained, very quick
A: fast, flying, no casting, tiny, (horns 2), (retaliatory headbutt)
a: Renounce Religion, Berserk, Trog's Hand


You were on level 8 of the Dungeon.
You worshipped Trog.
Trog was most pleased with you.
You were a bat.
You visited 1 branch of the dungeon, and saw 8 of its levels.

You collected 396 gold pieces.
You spent 228 gold pieces at shops.


Innate Abilities, Weirdness & Mutations

You are a bat.
You are tiny and dextrous.
You move quickly.
You are flying.
Your equipment is almost entirely melded.
You are incapable of wielding weapons or throwing items.
You cannot cast spells.
((You have a pair of horns on your head.))
((You reflexively headbutt those who attack you in melee.))


   Skills:
 - Level 8.2 Fighting
 + Level 13.1 Axes
 - Level 3.0 Throwing
 - Level 5.1 Armour
 - Level 3.0 Dodging


You had 8 spell levels left.
You didn't know any spells.
Your spell library was empty.

Inventory:

Hand Weapons
 d - a +0 flail
 Y - a +0 broad axe (melded)
Missiles
 i - a javelin
 j - 2 boomerangs (quivered)
Armour
 c - a +0 pair of gloves (melded)
 h - a +1 pair of boots (melded)
 m - a +0 chain mail (melded)
Jewellery
 g - a ring of fire
 n - a +4 ring of evasion (melded)
Scrolls
 a - 2 scrolls of identify
 b - 7 scrolls of teleportation
Potions
 e - 4 potions of mutation
 k - a potion of curing
 l - a potion of might
 o - 3 potions of heal wounds

Dungeon Overview and Level Annotations

Branches:
Dungeon (8/15)             Temple (0/1) D:5
   Lair: D:8-11

Altars:
Dithmenos
Kikubaaqudgha
Qazlal
The Shining One

Shops:
D:1 (*   D:6 *[([

Annotations:
D:6 1 runed translucent door, Crazy Yiuf
D:7 3 runed translucent doors, qw's ghost, novice MiBe


Message History

You slash the wight!
You destroy the wight!
Trog accepts your kill.
You hear an angry hiss.
The wight zaps a wand.
You easily resist.
Found a shadowy altar of Dithmenos.
The wight hits you with a +2 short sword!
You feel drained.
You closely miss the wight. You closely miss the wight.
The wight zaps a wand.
You turn into a bat.
Your +0 broad axe melds into your body.
Your +0 pair of gloves melds into your body.
Your +1 pair of boots melds into your body.
Your +0 chain mail melds into your body.
Your +4 ring of evasion melds into your body.
The wight hits you with a +2 short sword!
You feel drained.
You barely miss the wight.
The wight hits you with a +2 short sword!
You completely miss the wight. The wight barely misses you.
The wight hits you with a +2 long sword!
8045 ||| INVOKING Berserk.
A red film seems to cover your vision as you go berserk!
You feel yourself moving faster!
You feel mighty!
The wight hits you with a +2 short sword!
You feel drained.
The wight hits you with a +2 long sword!
You feel drained.
You bite the wight!
The wight is heavily damaged.
The wight misses you. x2
You hit the wight but do no damage.
The wight is heavily damaged.
You hit the wight but do no damage.
The wight is heavily damaged.
The wight hits you with a +2 long sword!
The wight hits you with a +2 short sword!
You die...

.. #...... ....z# ....#
...# ##########'#######
......zbz)....... ......
.######.......#####.....
#........+ ..#...?.
#.##.....# #.#..... #..
##....###.#..... #...
.##.......#..... #)...
g.#...)...#.....
....._.........).#...<.
##.. ....#......)#.....


You could see 2 wights.

Vanquished Creatures
  A two-headed ogre (D:6)
  Maggie (D:5)
  Grinder (D:6)
  Prince Ribbit (D:6)
  A water moccasin (D:5)
  An ice beast (D:7)
  A sky beast (D:3)
  2 ogres
  2 phantoms
  A gnoll sergeant (D:6)
  3 scorpions
  7 wights (D:8)
  3 killer bees (D:7)
  2 gnoll boudas
  3 hounds
  Jessica (D:2)
  An iguana (D:5)
  13 gnolls
  6 adders
  A shadow imp (D:6)
  3 white imps (D:7)
  3 worms
  3 dart slugs
  17 orcs
  6 bats
  2 endoplasms
  A giant cockroach (D:1)
  8 goblins
  4 hobgoblins
  10 jackals
  5 quokkas
  13 ball pythons
  7 frilled lizards
  A kobold (D:2)
  6 rats
141 creatures vanquished.

Notes
Turn   | Place    | Note
-------+----------+-------------------------------------------
     0 | D:1      | qw the Minotaur Berserker began the quest for the Orb.
     0 | D:1      | Reached XP level 1. HP: 19/19 MP: 0/0
     0 | D:1      | 0 ||| qw: Version: 0.1-a-116-g5d60599
     0 | D:1      | 0 ||| qw: Game counter: 7485
     0 | D:1      | 0 ||| qw: Always use a shield: true
     0 | D:1      | 0 ||| qw: Do Orc after D:15 true
     0 | D:1      | 0 ||| qw: Do second Lair branch before Depths: true
     0 | D:1      | 0 ||| qw: Lair rune preference: random
     0 | D:1      | 0 ||| qw: Plans: Normal
     0 | D:1      | 0 ||| PLANNING D:1-11
    54 | D:1      | Found Yrimaboa's General Store.
    62 | D:1      | 62 ||| SHOPLISTING +0 pair of gloves (49 gold, have 0).
    62 | D:1      | 62 ||| SHOPLISTING potion of curing (33 gold, have 0).
    62 | D:1      | 62 ||| SHOPLISTING potion of mutation (88 gold, have 0).
    62 | D:1      | 62 ||| SHOPLISTING scroll of identify (22 gold, have 0).
    62 | D:1      | 62 ||| SHOPLISTING scroll of teleportation (33 gold, have
                  | 0).
    97 | D:1      | Reached skill level 4 in Axes
   113 | D:1      | 113 ||| SWAPPING to +0 war axe.
   118 | D:1      | 118 ||| DROPPING +0 hand axe.
   155 | D:1      | 155 ||| INVOKING Berserk.
   354 | D:1      | Reached XP level 2. HP: 26/26 MP: 1/1
   406 | D:1      | Found a faded altar of an unknown god.
   455 | D:1      | 455 ||| Stepping ~*~*~tactically~*~*~ (stealth).
   530 | D:1      | 530 ||| Stepping ~*~*~tactically~*~*~ (stealth).
   532 | D:1      | 532 ||| Stepping ~*~*~tactically~*~*~ (stealth).
   591 | D:1      | Reached skill level 5 in Axes
   594 | D:1      | Found Reutast's Antique Weapon Shoppe.
   708 | D:1      | 708 ||| BUYING mace (72 gold).
   708 | D:1      | Bought a mace for 72 gold pieces
  1107 | D:1      | Reached XP level 3. HP: 31/31 MP: 2/2
  1332 | D:1      | 1332 ||| UPGRADING to +0 scale mail.
  1342 | D:1      | 1342 ||| DROPPING +0 animal skin.
  1343 | D:1      | 1343 ||| READING scroll labelled DAKKEINNO.
  1344 | D:1      | 1344 ||| READING scroll labelled CEOFAU CIV WIU.
  1446 | D:2      | Noticed Jessica
  1452 | D:2      | HP: 6/31 [Jessica/+0 dagger (3)]
  1453 | D:2      | 1453 ||| INVOKING Berserk.
  1453 | D:2      | Killed Jessica
  1694 | D:2      | 1694 ||| Stepping ~*~*~tactically~*~*~ (stealth).
  1704 | D:2      | Reached ** piety under Trog
  1705 | D:2      | Reached skill level 6 in Axes
  1705 | D:2      | Reached XP level 4. HP: 29/39 MP: 3/3
  1705 | D:2      | 1705 ||| FLEEEEING.
  1706 | D:2      | 1706 ||| FLEEEEING.
  1707 | D:2      | 1707 ||| FLEEEEING.
  1708 | D:2      | 1708 ||| FLEEEEING.
  1709 | D:2      | 1709 ||| FLEEEEING.
  1710 | D:2      | 1710 ||| FLEEEEING.
  1711 | D:2      | 1711 ||| FLEEEEING.
  1712 | D:2      | 1712 ||| FLEEEEING.
  1713 | D:2      | 1713 ||| FLEEEEING.
  1715 | D:2      | 1715 ||| FLEEEEING.
  1716 | D:2      | 1716 ||| STAIRDANCE
  1788 | D:1      | 1788 ||| READING 2 scrolls labelled UFU IQOENYTOTU.
  1951 | D:2      | 1951 ||| Stepping ~*~*~tactically~*~*~ (stealth).
  2131 | D:2      | 2131 ||| Stepping ~*~*~tactically~*~*~ (hiding).
  2500 | D:2      | 2500 ||| READING scroll labelled JUOJ WIUQ CAUZ.
  2723 | D:3      | Identified the +1 ring mail of Ijaoz {Dex+3}
  2756 | D:3      | Found an ancient bone altar of Kikubaaqudgha.
  2931 | D:3      | Noticed a phantom
  2932 | D:3      | 2932 ||| Stepping ~*~*~tactically~*~*~ (stealth).
  2942 | D:3      | 2942 ||| FLEEEEING.
  2946 | D:3      | 2946 ||| FLEEEEING.
  2947 | D:3      | 2947 ||| FLEEEEING.
  2949 | D:3      | 2949 ||| FLEEEEING.
  2950 | D:3      | 2950 ||| FLEEEEING.
  2951 | D:3      | 2951 ||| FLEEEEING.
  2966 | D:3      | Killed a phantom
  2967 | D:3      | Reached skill level 7 in Axes
  2967 | D:3      | Reached XP level 5. HP: 34/45 MP: 4/4
  2974 | D:3      | 2974 ||| FLEEEEING.
  2975 | D:3      | 2975 ||| FLEEEEING.
  3342 | D:3      | Found a glowing golden altar of the Shining One.
  3390 | D:3      | 3390 ||| UPGRADING to +1 ring mail of Ijaoz {Dex+3}.
  3400 | D:3      | 3400 ||| DROPPING +0 scale mail.
  3401 | D:3      | 3401 ||| READING scroll labelled WAOGAC GUJIOS.
  3402 | D:3      | 3402 ||| READING 2 scrolls of identify.
  3402 | D:3      | 3402 ||| IDENTIFYING yellow potion
  3417 | D:4      | Noticed a sky beast
  3429 | D:4      | 3429 ||| Stepping ~*~*~tactically~*~*~ (stealth).
  3430 | D:4      | 3430 ||| STAIRDANCE
  3435 | D:3      | Killed a sky beast
  3436 | D:3      | Reached XP level 6. HP: 45/56 MP: 5/5
  3503 | D:4      | 3503 ||| Stepping ~*~*~tactically~*~*~ (stealth).
  3507 | D:4      | 3507 ||| Stepping ~*~*~tactically~*~*~ (stealth).
  3530 | D:4      | 3530 ||| DROPPING +0 mace.
  3542 | D:4      | 3542 ||| Stepping ~*~*~tactically~*~*~ (stealth).
  3547 | D:4      | Reached *** piety under Trog
  3553 | D:4      | 3553 ||| Stepping ~*~*~tactically~*~*~ (stealth).
  3555 | D:4      | 3555 ||| Stepping ~*~*~tactically~*~*~ (stealth).
  3833 | D:4      | 3833 ||| Stepping ~*~*~tactically~*~*~ (stealth).
  3943 | D:4      | 3943 ||| UPGRADING to +0 chain mail.
  3953 | D:4      | 3953 ||| DROPPING +1 ring mail of Ijaoz {Dex+3}.
  3954 | D:4      | 3954 ||| READING scroll labelled VOCVYC BOF MAV.
  3955 | D:4      | 3955 ||| READING scroll labelled JONICS RYDULU.
  3956 | D:4      | 3956 ||| DRINKING 3 pink potions.
  3957 | D:4      | 3957 ||| DRINKING 2 blue potions.
  3958 | D:4      | 3958 ||| READING 2 scrolls of identify.
  3958 | D:4      | 3958 ||| IDENTIFYING coppery potion
  3959 | D:4      | 3959 ||| DROPPING 2 potions of degeneration.
  3960 | D:4      | 3960 ||| DROPPING potion of ambrosia.
  3977 | D:5      | Entered Level 5 of the Dungeon
  4056 | D:5      | 4056 ||| Stepping ~*~*~tactically~*~*~ (stealth).
  4108 | D:5      | Found a staircase to the Ecumenical Temple.
  4183 | D:5      | Reached skill level 8 in Axes
  4316 | D:5      | Noticed a water moccasin
  4325 | D:5      | Killed a water moccasin
  4326 | D:5      | Reached skill level 9 in Axes
  4326 | D:5      | Reached XP level 7. HP: 42/61 MP: 6/6
  4421 | D:5      | 4421 ||| INVOKING Berserk.
  4426 | D:5      | Reached skill level 3 in Armour
  4881 | D:5      | 4881 ||| DRINKING 2 emerald potions.
  4882 | D:5      | 4882 ||| READING 2 scrolls of identify.
  4882 | D:5      | 4882 ||| IDENTIFYING smoky white potion
  4883 | D:5      | 4883 ||| DROPPING potion of brilliance.
  4901 | D:6      | Noticed Maggie
  4902 | D:6      | 4902 ||| Stepping ~*~*~tactically~*~*~ (hiding).
  4904 | D:6      | 4904 ||| FLEEEEING.
  4905 | D:6      | 4905 ||| STAIRDANCE
  5010 | D:6      | Noticed Prince Ribbit
  5011 | D:6      | 5011 ||| Stepping ~*~*~tactically~*~*~ (hiding).
  5018 | D:6      | 5018 ||| STAIRDANCE
  5022 | D:5      | 5022 ||| INVOKING Berserk.
  5025 | D:5      | Killed Maggie
  5026 | D:5      | Reached skill level 10 in Axes
  5170 | D:5      | 5170 ||| SWAPPING to +0 broad axe.
  5171 | D:5      | 5171 ||| DROPPING +0 war axe.
  5172 | D:5      | 5172 ||| DRINKING 2 sedimented red potions.
  5173 | D:5      | 5173 ||| DROPPING potion of magic.
  5178 | D:6      | 5178 ||| INVOKING Berserk.
  5191 | D:6      | Killed Prince Ribbit
  5192 | D:6      | Reached XP level 8. HP: 45/68 MP: 7/7
  5300 | D:6      | 5300 ||| Stepping ~*~*~tactically~*~*~ (stealth).
  5302 | D:6      | 5302 ||| Stepping ~*~*~tactically~*~*~ (hiding).
  5305 | D:6      | 5305 ||| Stepping ~*~*~tactically~*~*~ (hiding).
  5427 | D:6      | 5427 ||| FLEEEEING.
  5428 | D:6      | 5428 ||| FLEEEEING.
  5429 | D:6      | 5429 ||| FLEEEEING.
  5431 | D:6      | 5431 ||| FLEEEEING.
  5432 | D:6      | 5432 ||| FLEEEEING.
  5433 | D:6      | 5433 ||| FLEEEEING.
  5434 | D:6      | 5434 ||| FLEEEEING.
  5435 | D:6      | 5435 ||| FLEEEEING.
  5436 | D:6      | 5436 ||| STAIRDANCE
  5523 | D:5      | 5523 ||| READING scroll labelled YFIDDOURGHI.
  5626 | D:6      | 5626 ||| STAIRDANCE
  5754 | D:6      | 5754 ||| INVOKING Berserk.
  5757 | D:6      | 5757 ||| STAIRDANCE
  5891 | D:6      | Found Cipo Vui's Antique Weapon Shop.
  5891 | D:6      | Found Govopt's Assorted Antiques.
  5895 | D:6      | Found Nookher's Antique Armour Shop.
  5900 | D:6      | Found Tenuqiw's Armour Shop.
  5902 | D:6      | 5902 ||| BUYING 3 scrolls labelled GIVVEI IXAEGE (81 gold).
  5902 | D:6      | Bought 3 scrolls labelled GIVVEI IXAEGE for 81 gold pieces
  5902 | D:6      | 5902 ||| BUYING dark potion (24 gold).
  5902 | D:6      | Bought a dark potion for 24 gold pieces
  5902 | D:6      | 5902 ||| SHOPLISTING potion of mutation (216 gold, have
                  | 86).
  5902 | D:6      | 5902 ||| BUYING scroll labelled GIVVEI IXAEGE (27 gold).
  5902 | D:6      | Bought a scroll labelled GIVVEI IXAEGE for 27 gold pieces
  5902 | D:6      | 5902 ||| BUYING silvery potion (24 gold).
  5902 | D:6      | Bought a silvery potion for 24 gold pieces
  5906 | D:6      | 5906 ||| SHOPLISTING cloak (112 gold, have 35).
  5906 | D:6      | 5906 ||| SHOPLISTING embroidered scarf (200 gold, have 35).
  5906 | D:6      | 5906 ||| SHOPLISTING pair of glimmering gloves (237 gold,
                  | have 35).
  5910 | D:6      | 5910 ||| SHOPLISTING +0 pair of gloves (54 gold, have 35).
  5910 | D:6      | 5910 ||| SHOPLISTING +1 kite shield of positive energy (162
                  | gold, have 35).
  5910 | D:6      | 5910 ||| SHOPLISTING +1 pair of gloves of hurling (198
                  | gold, have 35).
  5910 | D:6      | 5910 ||| SHOPLISTING +2 scale mail of cold resistance (252
                  | gold, have 35).
  5910 | D:6      | 5910 ||| SHOPLISTING +3 chain mail of cold resistance (318
                  | gold, have 35).
  5929 | D:6      | 5929 ||| Stepping ~*~*~tactically~*~*~ (hiding).
  5933 | D:6      | 5933 ||| Stepping ~*~*~tactically~*~*~ (hiding).
  5935 | D:6      | 5935 ||| Stepping ~*~*~tactically~*~*~ (hiding).
  5979 | D:6      | Reached skill level 6 in Fighting
  5980 | D:6      | Noticed a two-headed ogre
  5985 | D:6      | 5985 ||| INVOKING Berserk.
  5990 | D:6      | Killed a two-headed ogre
  5991 | D:6      | Reached skill level 12 in Axes
  6167 | D:6      | Found a runed translucent door.
  6168 | D:6      | Noticed Crazy Yiuf
  6372 | D:6      | Reached XP level 9. HP: 75/75 MP: 8/8
  6424 | D:6      | Noticed Grinder
  6425 | D:6      | 6425 ||| Stepping ~*~*~tactically~*~*~ (hiding).
  6429 | D:6      | 6429 ||| INVOKING Trog's Hand.
  6430 | D:6      | 6430 ||| INVOKING Berserk.
  6437 | D:6      | Killed Grinder
  6642 | D:6      | 6642 ||| UPGRADING to +0 pair of boots.
  6647 | D:6      | 6647 ||| READING scroll of enchant armour.
  6647 | D:6      | 6647 ||| ENCHANTING +0 pair of boots.
  6648 | D:6      | 6648 ||| UPGRADING to +4 ring of evasion.
  6649 | D:6      | 6649 ||| READING 4 scrolls labelled GIVVEI IXAEGE.
  6650 | D:6      | 6650 ||| DRINKING 2 silvery potions.
  6685 | D:6      | 6685 ||| READING 2 scrolls of identify.
  6685 | D:6      | 6685 ||| IDENTIFYING dark potion
  6686 | D:6      | 6686 ||| DROPPING 3 scrolls of poison.
  6687 | D:6      | 6687 ||| DROPPING potion of attraction.
  6688 | D:6      | 6688 ||| DROPPING potion of lignification.
  6823 | D:7      | 6823 ||| Stepping ~*~*~tactically~*~*~ (hiding).
  6824 | D:7      | 6824 ||| Stepping ~*~*~tactically~*~*~ (hiding).
  6904 | D:7      | 6904 ||| Stepping ~*~*~tactically~*~*~ (stealth).
  6905 | D:7      | 6905 ||| Stepping ~*~*~tactically~*~*~ (stealth).
  6987 | D:7      | Reached skill level 13 in Axes
  7025 | D:7      | Found a stormy altar of Qazlal.
  7077 | D:7      | 7077 ||| INVOKING Berserk.
  7223 | D:7      | 7223 ||| Stepping ~*~*~tactically~*~*~ (hiding).
  7485 | D:7      | Found a runed translucent gate.
  7485 | D:7      | Found a runed translucent gate.
  7486 | D:7      | Found a runed translucent gate.
  7487 | D:7      | Noticed qw's ghost (novice MiBe)
  7810 | D:7      | 7810 ||| UPGRADING to +0 pair of gloves.
  7815 | D:7      | 7815 ||| READING scroll labelled SOINWUR DYDYNT.
  7816 | D:7      | 7816 ||| DRINKING 2 orange potions.
  7817 | D:7      | 7817 ||| READING 3 scrolls of identify.
  7817 | D:7      | 7817 ||| IDENTIFYING bubbling green potion
  7818 | D:7      | 7818 ||| DROPPING potion of flight.
  7883 | D:8      | 7883 ||| FLEEEEING.
  7884 | D:8      | 7884 ||| FLEEEEING.
  7885 | D:8      | 7885 ||| FLEEEEING.
  7886 | D:8      | 7886 ||| FLEEEEING.
  7888 | D:8      | 7888 ||| STAIRDANCE
  7893 | D:8      | 7893 ||| INVOKING Berserk.
  7900 | D:8      | Reached skill level 3 in Throwing
  7997 | D:8      | Reached skill level 3 in Dodging
  8029 | D:8      | 8029 ||| Stepping ~*~*~tactically~*~*~ (stealth).
  8032 | D:8      | 8032 ||| Stepping ~*~*~tactically~*~*~ (stealth).
  8033 | D:8      | 8033 ||| Stepping ~*~*~tactically~*~*~ (stealth).
  8034 | D:8      | 8034 ||| Stepping ~*~*~tactically~*~*~ (stealth).
  8035 | D:8      | 8035 ||| Stepping ~*~*~tactically~*~*~ (stealth).
  8036 | D:8      | 8036 ||| Stepping ~*~*~tactically~*~*~ (stealth).
  8040 | D:8      | Found a shadowy altar of Dithmenos.
  8045 | D:8      | 8045 ||| INVOKING Berserk.
  8045 | D:8      | HP: 25/111 [wight/+2 long sword (12)]
  8048 | D:8      | HP: 8/108 [wight/+2 long sword (17)]
  8048 | D:8      | Slain by a wight

Levels and vault maps discovered:
D:1:      elethiomel_arrival_fortress_basement, layout_basic,
          nicolae_ecumenical_lake_church, serial_shops, nicolae_shop_trees,
          shop_fountains, grunt_decor_mini_mirrors
D:2:      layout_basic, uniq_jessica
D:3:      layout_basic, mainiacjoe_overflow_alcove_4,
          mainiacjoe_overflow_24_doors, chequers_serial_rivers_large_b,
          minmay_diced_spiral
D:4:      layout_rooms, item_on_display_b
D:5:      layout_rooms, minmay_temple_entry_stoned_glass, grunt_ministairs_5
D:6:      layout_loops_cross, minmay_shop_grid_forest, uniq_prince_ribbit1,
          uniq_crazy_yiuf_cottage, uniq_grinder, uniq_maggie
D:7:      layout_loops_ring, grunt_qazlal_clouds, ebering_ghost_rock_garden
D:8:      layout_basic, lemuel_round_altar, lemuel_doored_altar,
          minmay_diamond_spiral

Skill      XL: |  1  2  3  4  5  6  7  8  9 |
---------------+----------------------------+-----
Axes           | 4 5 6 7 9 10 12 13 | 13.1
Fighting       | 5 6 8 |  8.2
Armour         | 3 4 5 |  5.1
Throwing       | 2 3 |  3.0
Dodging        | 3 |  3.0

Action                   |  1- 3 |  4- 6 |  7- 9 || total
-------------------------+-------+-------+-------++-------
Melee: War axe           |    69 |   162 |    17 ||   248
       Hand axe          |    10 |       |       ||    10
       Headbutt          |     6 |    16 |    15 ||    37
       Punch             |       |     2 |     1 ||     3
       Broad axe         |       |       |   103 ||   103
       Unarmed           |       |       |     5 ||     5
Throw: Boomerang         |       |     9 |    16 ||    25
       Javelin           |       |       |    13 ||    13
Invok: Berserk           |     2 |       |     9 ||    11
       Trog's Hand       |       |       |     1 ||     1
  Use: Scroll            |     2 |     7 |     7 ||    16
       Potion            |       |     2 |     4 ||     6
Armor: Animal skin       |    13 |       |       ||    13
       Scale mail        |     7 |    34 |       ||    41
       Ring mail         |       |    15 |       ||    15
       Chain mail        |       |    13 |    46 ||    59
Dodge: Dodged            |    54 |    67 |    57 ||   178

Table legend:
 A = Non-vault XP
 B = Vault XP
 C = Vault XP percentage of total XP
 D = Non-vault monster count
 E = Vault monster count
 F = Vault count percentage of total count
                 A         B        C        D         E       F
            +---------+---------+-------+---------+---------+-------
      Total |    3181 |    1195 |  27.3 |     127 |      14 |   9.9
            +---------+---------+-------+---------+---------+-------
        D:1 |      40 |       1 |   2.4 |      25 |       1 |   3.8
        D:2 |      70 |      37 |  34.6 |      20 |       1 |   4.8
        D:3 |     163 |     111 |  40.5 |      14 |       5 |  26.3
        D:4 |      51 |       0 |   0.0 |      20 |       0 |   0.0
        D:5 |     432 |     506 |  53.9 |       9 |       5 |  35.7
        D:6 |    1192 |     540 |  31.2 |      14 |       2 |  12.5
        D:7 |     628 |       0 |   0.0 |      11 |       0 |   0.0
        D:8 |     605 |       0 |   0.0 |      14 |       0 |   0.0
            +---------+---------+-------+---------+---------+-------
